 Dungeon Crawl Stone Soup version 0.24-a0-616-ge2a249a6fd (webtiles) character file.

Game seed: 15604624345421070705, levelgen mode: deterministic

84 CornEater the Digger (level 4, 0/24 HPs)
             Began as a Gargoyle Earth Elementalist on Sept 14, 2019.
             Slain by Grinder (2 damage)
             ... while paralysed by Grinder
             ... on level 3 of the Dungeon.
             The game lasted 00:06:01 (1620 turns).

CornEater the Digger (Gargoyle Earth Elementalist)  Turns: 1620, Time: 00:06:01

Health: 0/24       AC:  9    Str: 12    XL:     4   Next: 46%
Magic:  8/8        EV:  2    Int: 16    God:
Gold:   130        SH:  0    Dex: 10    Spells: 5/9 levels left

rFire    . . .     SeeInvis .   a - +1 dagger (venom)
rCold    . . .     Gourm    .   (no shield)
rNeg     + . .     Faith    .   c - +0 robe
rPois    ∞         Spirit   .   (no helmet)
rElec    +         Reflect  .   (no cloak)
rCorr    .         Harm     .   (no gloves)
MR       .....                  i - +1 pair of boots
Stlth    ++........             (no amulet)
HPRegen  0.08/turn              k - +2 ring of protection
MPRegen  0.11/turn              (no ring)

@: paralysed
A: negative energy resistance 1, electricity resistance, unbreathing,
petrification resistance, rot immunity, AC +3
a: no special abilities


You were on level 3 of the Dungeon.
You were not hungry.

You visited 1 branch of the dungeon, and saw 3 of its levels.

You collected 130 gold pieces.

Inventory:

Hand Weapons
 a - a +1 dagger of venom (weapon)
Missiles
 b - 76 stones (quivered)
Armour
 c - a +0 robe (worn)
 i - a +1 pair of boots (worn)
Jewellery
 k - a +2 ring of protection (left hand)
Wands
 e - a wand of acid (1)
Scrolls
 j - 4 scrolls of teleportation
Potions
 f - a potion of curing
 g - a potion of flight
 l - a potion of agility {unknown}
 m - a potion of heal wounds {unknown}
Comestibles
 d - 6 rations
 h - 4 chunks of flesh


   Skills:
 - Level 1.5 Dodging
 - Level 2.1 Stealth
 + Level 3.1 Spellcasting
 + Level 1.5 Conjurations
   Level 0.7 Transmutations
 + Level 4.8 Earth Magic


You had 5 spell levels left.
You knew the following spells:

 Your Spells              Type           Power        Failure   Level  Hunger
a - Sandblast             Erth           ###...       2%          1    None
b - Stone Arrow           Conj/Erth      ##....       16%         3    ###....

Your spell library contained the following spells:

 Spells                   Type           Power        Failure   Level  Hunger
 Passwall                 Tmut/Erth      ##......     9%          2    ##.....
 Corona                   Hex            #......      19%         1    None
 Ensorcelled Hibernation  Hex/Ice        #.....       28%         2    ##.....
 Dazzling Spray           Conj/Hex       #.....       38%         3    ###....
 Confuse                  Hex            #.......     50%         3    ###....
 Tukima's Dance           Hex            #.......     50%         3    ###....
 Petrify                  Tmut/Erth      ##......     52%         4    ####...
 Lee's Rapid Deconstruct  Erth           ###.......   56%         5    ######.


Dungeon Overview and Level Annotations

Branches:
Dungeon (3/15)

Altars:

Annotations:
D:3 Grinder


Innate Abilities, Weirdness & Mutations

You are resistant to torment.
Your stone body is resilient. (AC +3)
You are immune to poison.
You resist negative energy. (rN+)
You are resistant to electric shocks. (rElec)
You can survive without breathing.
You are immune to petrification.
You are immune to rotting.


Message History

Unknown command.
Evoke which item? (* to show all) (? for menu, Esc to quit)
Aiming: Corrosive Bolt
Press: ? - help, Shift-Dir - straight line, f/p - Grinder
Aim: Grinder The bolt of acid hits Grinder!!
Grinder is splashed with acid.
Grinder is heavily wounded.
Grinder gestures at you.
You suddenly lose the ability to move!
Grinder hits you.
You writhe in agony.
Grinder hits you.
You writhe in agony.
Grinder gestures at you.
You shrug off the repeated paralysis!
Grinder hits you. Grinder hits you!
* * * LOW HITPOINT WARNING * * *
You writhe in agony.
* * * LOW HITPOINT WARNING * * *
Grinder hits you.
You die...

.# #.# ... #.# #(# #
#.# ##.#
.###########.# ....#
.............####...#
######........@5††#
#####.##########...#
####........÷...# .##
.........######.# #
##.#.##### .....#
##.### #.....#
#.###.#


You could see Grinder.

Vanquished Creatures
  An adder (D:2)
  An ooze (D:2)
  3 dart slugs
  4 leopard geckos
  A ball python (D:1)
  6 bats
  3 giant cockroaches
  7 goblins (D:1)
  11 hobgoblins
  2 jackals (D:3)
  5 kobolds
  A quokka (D:2)
  A frilled lizard (D:1)
  7 rats
53 creatures vanquished.

Notes
Turn   | Place    | Note
-------+----------+-------------------------------------------
     0 | D:1      | CornEater the Gargoyle Earth Elementalist began the quest
                  | for the Orb.
     0 | D:1      | Reached XP level 1. HP: 10/10 MP: 3/3
   142 | D:1      | Reached skill level 4 in Earth Magic
   142 | D:1      | Reached XP level 2. HP: 13/15 MP: 5/5
   281 | D:1      | Reached XP level 3. HP: 8/19 MP: 4/6
   286 | D:1      | Learned a level 3 spell: Stone Arrow
   992 | D:2      | Reached skill level 1 in Conjurations
  1047 | D:2      | Reached XP level 4. HP: 23/24 MP: 8/8
  1604 | D:3      | Noticed Grinder
  1614 | D:3      | Paralysed by Grinder for 7 turns
  1620 | D:3      | Slain by Grinder

Levels and vault maps discovered:
D:1:      dpeg_arrival_tiny_a, layout_loops_ring
D:2:      layout_rooms, first_ration, grunt_decor_cap, minmay_fractal_squares_5
D:3:      layout_loops_ring, gup_sewer_entry_bowl, uniq_grinder

Skill      XL: |  1  2  3  4 |
---------------+-------------+-----
Earth Magic    | 4 |  4.8
Conjurations   | 1 |  1.5
Spellcasting   | 3 |  3.1
Dodging        | |  1.5
Stealth        | |  2.1
Transmutations | |  0.7

Action                   |  1- 3 |  4- 6 || total
-------------------------+-------+-------++-------
Melee: Dagger            |    95 |    48 ||   143
 Cast: Sandblast         |     5 |       ||     5
Evoke: Wand              |       |     2 ||     2
  Use: Scroll            |     2 |     3 ||     5
 Stab: Sleeping          |     5 |     1 ||     6
  Eat: Chunk             |     1 |     1 ||     2
Armor: Robe              |    31 |    22 ||    53
Dodge: Dodged            |    60 |    42 ||   102

Table legend:
 A = Non-vault XP
 B = Vault XP
 C = Vault XP percentage of total XP
 D = Non-vault monster count
 E = Vault monster count
 F = Vault count percentage of total count
                 A         B        C        D         E       F
            +---------+---------+-------+---------+---------+-------
      Total |     108 |      13 |  10.7 |      45 |       8 |  15.1
            +---------+---------+-------+---------+---------+-------
        D:1 |      56 |       0 |   0.0 |      29 |       0 |   0.0
        D:2 |      34 |      13 |  27.7 |       8 |       8 |  50.0
        D:3 |      18 |       0 |   0.0 |       8 |       0 |   0.0
            +---------+---------+-------+---------+---------+-------
